 Dungeon Crawl Stone Soup version 0.30.1-11-g7821555f0a (webtiles) character file.

Game seed: 10287332871004105725

378 ChrisAssaf the Conjurer (level 6, -1/30 HPs)
             Began as a Vine Stalker Conjurer on Nov 10, 2023.
             Was a Believer of Ru.
             Slain by a gnoll
             ... wielding a +0 halberd
              (9 damage)
             ... on level 4 of the Dungeon.
             The game lasted 00:13:10 (4134 turns).

ChrisAssaf the Conjurer (Vine Stalker Conjurer)     Turns: 4134, Time: 00:13:10

Health: -1/30      AC:  3    Str: 10    XL:     6   Next: 74%
Magic:  0/11       EV: 12    Int: 20    God:    Ru [**....]
Gold:   169        SH:  0    Dex: 12    Spells: 5/11 levels left

rFire   . . .        f - +1 dagger
rCold   x . .        g - orb {*Rage}
rNeg    . . .        c - +1 robe {rF+}
rPois   .            (no helmet)
rElec   .            (no cloak)
rCorr   .            (no gloves)
SInv    .            (no boots)
Will    .....        (no amulet)
Stlth   ++           (no ring)
HPRegen 1.05/turn    (no ring)
MPRegen 0.12/turn

%: random rage (20%), guardian spirit
@: on berserk cooldown, slowed, very slow
A: fangs 2, regeneration 1, magic shield, antimagic bite, no potion heal 2,
temperature sensitive
a: Renounce Religion


You were on level 4 of the Dungeon.
You worshipped Ru.
Ru was pleased with you.
You visited 1 branch of the dungeon, and saw 4 of its levels.

You collected 169 gold pieces.

Inventory:

Hand Weapons
 f - a +1 dagger (weapon)
Armour
 a - a +0 robe
 c - a +1 robe of fire resistance (worn)
 g - an orb of wrath (worn)
Scrolls
 d - a scroll of amnesia
 e - a scroll of immolation
 k - a scroll of noise {unknown}
 l - a scroll of teleportation {unknown}
Potions
 b - 2 potions of curing
 h - a potion of berserk rage {unknown}
 i - a potion of ambrosia {unknown}
 j - a potion of degeneration {unknown}
 m - a potion of might {unknown}


   Skills:
 * Level 1.2 Fighting
 * Level 1.0 Short Blades
 * Level 1.1 Armour
 * Level 2.2 Dodging
 * Level 3.3 Stealth
 * Level 1.2 Unarmed Combat
 * Level 3.3 Spellcasting
 * Level 5.5 Conjurations
 * Level 1.8 Earth Magic


You had 5 spell levels left.
You knew the following spells:

 Your Spells              Type           Power      Damage    Failure   Level
a - Magic Dart            Conj           100%       1d8       1%          1
b - Searing Ray           Conj           50%        2d6       2%          2
c - Stone Arrow           Conj/Erth      36%        3d9       9%          3

Your spell library contained the following spells:

 Spells                   Type           Power      Damage    Failure   Level
 Sandblast                Erth           20%        2d7       6%          1
 Passwall                 Tmut/Erth      5%         N/A       14%         2
 Dazzling Flash           Conj/Hex       28%        N/A       14%         3
 Fulminant Prism          Conj/Hex       7%         3d6       41%         4
 Iskenderun's Mystic Bla  Conj/Tloc      14%        2d5       41%         4


Dungeon Overview and Level Annotations

Branches:
Dungeon (4/15)
 Temple: D:4-7

Altars:
Dithmenos
Elyvilon
Kikubaaqudgha
Qazlal
Ru
Zin


Innate Abilities, Weirdness & Mutations

You have extremely sharp teeth.
Your natural rate of healing is unusually fast.
When hurt, damage is shared between your health and your magic reserves.
Your bite disrupts and absorbs the magic of your enemies.
Potions cannot restore your health.
You are sensitive to extremes of temperature. (rF-, rC-)


Message History

The searing ray misses the gnoll.
The gnoll barely misses you.
The gnoll hits you from afar with a +0 spear.
A gnoll comes into view. It is wielding a +0 halberd.
The searing ray hits the gnoll!
The gnoll is almost dead.
The gnoll shouts!
The gnoll hits you from afar with a +0 spear.
You focus your inner power and illuminate the gnoll in retribution!
The searing ray hits the gnoll!
You kill the gnoll!
You finish channelling your searing ray.
The gnoll throws a stone.
The stone hits you.
You see here a scroll labelled TUNLOM INUPHO.
There are no items here.
Casting: Searing Ray (safe; 2% risk of failure)
Confirm with . or Enter, or press ? or * to list all spells.
Aiming: Magic Dart (safe; 1% risk of failure)
Press: ? - help, Shift-Dir - straight line, f - gnoll
Aim: a gnoll, wielding a +0 halberd and quivering stones (100% to hit)
The magic dart hits the gnoll!
The gnoll is heavily wounded.
The gnoll closely misses you. The gnoll barely misses you.
The gnoll hits you with a +0 halberd.
You hit the gnoll but do no damage. Your bite misses the gnoll.
The gnoll is heavily wounded.
The gnoll completely misses you. The gnoll barely misses you.
You closely miss the gnoll. Your bite misses the gnoll.
The gnoll is heavily wounded.
The gnoll barely misses you.
You closely miss the gnoll. Your bite misses the gnoll.
The gnoll is heavily wounded.
The gnoll hits you with a +0 halberd! The gnoll barely misses you.
You closely miss the gnoll.
The gnoll is heavily wounded.
The gnoll hits you with a +0 halberd!
* * * LOW HITPOINT WARNING * * *
You hit the gnoll. You bite the gnoll, but do no damage.
The gnoll is heavily wounded.
The gnoll hits you with a +0 halberd!
You die...

......# .....#
.....# ..
....####..
#.........
#.........
######.........
#?..)).........
#..@g..........
#.......####...
#.......####.##
#............#
#........#####
### #........#
#..
########)#####
#.#
.......)....#
#.#
#........)....#
#.#


You could see a gnoll.

Vanquished Creatures
  A sky beast (D:4)
  2 scorpions (D:4)
  An orc priest (D:4)
  Jessica (D:2)
  A gnoll (D:4)
  3 adders
  2 worms (D:2)
  4 dart slugs (D:2)
  5 orcs
  5 endoplasms (D:1)
  2 giant cockroaches
  5 goblins
  6 hobgoblins
  3 jackals (D:3)
  3 quokkas
  7 ball pythons
  4 bats
  3 frilled lizards
  5 kobolds
  3 rats
66 creatures vanquished.

Notes
Turn   | Place    | Note
-------+----------+-------------------------------------------
     0 | D:1      | ChrisAssaf the Vine Stalker Conjurer began the quest for
                  | the Orb.
     0 | D:1      | Reached XP level 1. HP: 9/9 MP: 4/4
   221 | D:1      | Reached XP level 2. HP: 13/13 MP: 4/6
   266 | D:1      | Learned a level 2 spell: Searing Ray
   412 | D:2      | Found a glowing silver altar of Zin.
   616 | D:2      | Reached XP level 3. HP: 16/16 MP: 3/7
   620 | D:2      | Learned a level 3 spell: Stone Arrow
   923 | D:3      | Found an ancient bone altar of Kikubaaqudgha.
  1064 | D:3      | Found a shadowy altar of Dithmenos.
  1230 | D:3      | Found a sacrificial altar of Ru.
  1234 | D:3      | Became a worshipper of Ru the Awakened
  1798 | D:2      | Noticed Jessica
  1801 | D:2      | Killed Jessica
  1802 | D:2      | Reached skill level 5 in Conjurations
  1802 | D:2      | Gained mutation: Your natural rate of healing is unusually
                  | fast. [Vine Stalker growth]
  1802 | D:2      | Reached XP level 4. HP: 21/21 MP: 1/8
  2653 | D:2      | Found a faded altar of an unknown god.
  3137 | D:1      | Gained mutation: You are sensitive to extremes of
                  | temperature. (rF-, rC-) [Ru sacrifice]
  3137 | D:1      | Reached * piety under Ru
  3137 | D:1      | Reached ** piety under Ru
  3621 | D:4      | Found a stormy altar of Qazlal.
  3621 | D:4      | Noticed a sky beast
  3626 | D:4      | Killed a sky beast
  3627 | D:4      | Reached skill level 1 in Earth Magic
  3627 | D:4      | Reached XP level 5. HP: 25/25 MP: 0/10
  3647 | D:4      | Reached skill level 1 in Fighting
  3647 | D:4      | Reached skill level 1 in Armour
  3647 | D:4      | Reached skill level 1 in Unarmed Combat
  3647 | D:4      | Reached XP level 6. HP: 10/30 MP: 5/11
  3982 | D:4      | Found a white marble altar of Elyvilon.
  4113 | D:4      | Reached skill level 1 in Short Blades
  4134 | D:4      | Slain by a gnoll

Illustrated notes

Levels and vault maps discovered:
D:1:      dpeg_arrival_more_subterranean_lakeside_camping, layout_basic
D:2:      layout_loops_corners, shapermc_ecumenical_altar_petra, basic_altar,
          minmay_box_of_dots, uniq_jessica
D:3:      layout_basic, mainiacjoe_overflow_brackets,
          nicolae_dithmenos_the_darkroom, hangedman_ru_absence
D:4:      layout_basic, nicolae_qazlal_beasts_of_the_sky, kennysheep_mini_moat,
          minmay_small_thing

Skill      XL: |  1  2  3  4  5  6 |
---------------+-------------------+-----
Conjurations   | 5 |  5.5
Dodging        | 2 |  2.2
Stealth        | 3 |  3.3
Earth Magic    | 1 |  1.8
Fighting       | 1 |  1.2
Armour         | 1 |  1.1
Unarmed Combat | 1 |  1.2
Spellcasting   | 3 |  3.3
Short Blades   | 1 |  1.0

Action                     |  1- 3 |  4- 6 || total
---------------------------+-------+-------++-------
  Melee: Bite              |     1 |     8 ||     9
         Unarmed           |     1 |     1 ||     2
         Dagger            |       |    31 ||    31
   Cast: Magic Dart        |    30 |     6 ||    36
         Searing Ray       |     4 |     7 ||    11
         Stone Arrow       |    11 |    22 ||    33
 Invoke: Sacrifice Resista |       |     1 ||     1
    Use: Potion            |     1 |       ||     1
         Scroll            |     3 |     2 ||     5
   Stab: Sleeping          |       |     1 ||     1
 Armour: Robe              |    15 |     5 ||    20
  Dodge: Dodged            |    31 |    40 ||    71
